 Dungeon Crawl Stone Soup version 0.29.1-14-g9c671dbff4 (webtiles) character file.

Game seed: 11750810097621646077

302 EndlessMike the Sneak (level 6, 0/36 HPs)
             Began as a Vampire Delver on Feb 20, 2023.
             Slain by a phantom (4 damage)
             ... on level 4 of the Dungeon.
             The game lasted 00:11:03 (3831 turns).

EndlessMike the Sneak (Vampire Delver)              Turns: 3831, Time: 00:11:03

Health: 0/36       AC:  6    Str: 17    XL:     6   Next: 14%
Magic:  8/8        EV: 12    Int:  9    God:
Gold:   166        SH:  0    Dex: 15    Spells: 5/8 levels left

rFire   . . .      SeeInvis +   h - +0 trident
rCold   + + .      Faith    .   (no shield)
rNeg    + + +      Spirit   .   b - +0 leather armour
rPois   ∞          Reflect  .   (no helmet)
rElec   .          Harm     .   (no cloak)
rCorr   .          Rampage  .   (no gloves)
Will    .....                   k - +2 pair of boots
Stlth   +++++.....              (no amulet)
HPRegen 0.00/turn               (no ring)
MPRegen 0.11/turn               (no ring)

@: bloodless, inhibited regen, unable to drink
A: bloodless, fangs 3, see invisible, vampiric 2, dopey 1, strong 1, inability
to drink after injury 1
a: Bat Form, Revivify


You were on level 4 of the Dungeon.
You visited 1 branch of the dungeon, and saw 5 of its levels.

You collected 166 gold pieces.

Inventory:

Hand Weapons
 a - a +0 spear
 h - a +0 trident (weapon)
Armour
 b - a +0 leather armour (worn)
 k - a +2 pair of boots (worn)
Wands
 g - a wand of digging (2)
 l - a wand of light (6)
Scrolls
 c - a scroll of fog
 d - 2 scrolls of magic mapping
 e - a scroll of immolation
 n - a scroll of enchant weapon
 o - a scroll of noise
 p - 2 scrolls of teleportation
 q - a scroll of poison {unknown}
Potions
 f - a potion of haste
 i - a potion of flight
 j - a potion of curing
 m - a potion of heal wounds


   Skills:
 - Level 2.6 Fighting
 + Level 4.4 Polearms
 - Level 2.1 Dodging
 - Level 7.2 Stealth
 + Level 1.9 Spellcasting
 * Level 3.1 Ice Magic


You had 5 spell levels left.
You knew the following spells:

 Your Spells              Type           Power      Damage    Failure   Level
c - Frozen Ramparts       Ice            12%        1d2       32%         3

Your spell library contained the following spells:

 Spells                   Type           Power      Damage    Failure   Level
 Freeze                   Ice            24%        1d5       11%         1
 Hailstorm                Conj/Ice       3%         3d3       91%         4


Dungeon Overview and Level Annotations

Branches:
Dungeon (5/15)
 Temple: D:4-7

Altars:

Annotations:
D:4 1 runed translucent door, deafmute's ghost, amateur HOFi


Innate Abilities, Weirdness & Mutations

You do not regenerate when monsters are visible.
You are frail without blood (-20% HP).
You can heal yourself when you bite living creatures.
You are immune to poison.
You have razor-sharp teeth.
You have supernaturally acute eyesight. (SInv)
You are afflicted with vampirism and can become a bat while bloodless.
You are dopey. (Int -2)
Your muscles are strong. (Str +4, Int/Dex -1)
You occasionally lose the ability to drink potions when taking damage.


Message History

Found 14 gold pieces, a worn brass wand and a scroll of immolation.
Found a runed translucent door.
You barely miss the phantom.
The phantom is severely damaged.
The phantom hits you.
The phantom blinks!
You blink.
You hit the phantom but do no damage.
The phantom is heavily damaged.
The phantom closely misses you.
You hit the phantom but do no damage. Your bite misses the phantom.
The phantom is heavily damaged.
The phantom barely misses you.
You closely miss the phantom. You bite the phantom, but do no damage.
The phantom is heavily damaged.
The phantom closely misses you.
Okay, then.
You miss the phantom. Your bite misses the phantom.
The phantom is heavily damaged.
The phantom hits you.
You closely miss the phantom.
The phantom is heavily damaged.
The phantom hits you but does no damage.
You completely miss the phantom.
The phantom is heavily damaged.
The phantom hits you but does no damage.
You hit the phantom but do no damage.
The phantom is heavily damaged.
The phantom misses you.
You closely miss the phantom.
The phantom is heavily damaged.
The phantom hits you.
You feel threatened and lose the ability to drink potions!
The phantom hits you.
* * * LOW HITPOINT WARNING * * *
You cannot drink potions in your current state!
You can drink potions again.
The phantom hits you.
You feel threatened and lose the ability to drink potions!
* * * LOW HITPOINT WARNING * * *
The phantom attacks as you move away! The phantom hits you.
You die...

#.#
##.....[.#..(#/W.#...#....
#.#
#........#...#..o#####....
#.# #.....####...##+##
#.##. #.# #.....#
#.###...# #.##. #.#
##....####'###...# #.##.
#.# #....##........# #.###
#.# #....##......### #.#
#.# #....##.W....# #.#
#)#######....##.@....# #.#
.)...........####'#### #.#
#.#######.#### #.# #.# ..#
#.# #.# ########.#
#########.# .. ......^..#
........#.# ## ##########
#######.#.# #.#.# #.#.#


You could see a phantom.

Vanquished Creatures
  A scorpion (D:4)
  3 orc priests
  Jessica (D:3)
  4 adders
  2 worms (D:3)
  A dart slug (D:2)
  11 orcs
  6 bats
  8 endoplasms
  3 giant cockroaches
  4 goblins
  6 hobgoblins
  4 jackals (D:2)
  A quokka (D:1)
  9 ball pythons
  3 frilled lizards
  7 kobolds
  6 rats
80 creatures vanquished.

Notes
Turn   | Place    | Note
-------+----------+-------------------------------------------
     0 | D:5      | EndlessMike the Vampire Delver began the quest for the Orb.
     0 | D:5      | Reached XP level 1. HP: 17/17 MP: 1/1
    75 | D:4      | Reached XP level 2. HP: 21/23 MP: 2/2
   215 | D:4      | Noticed a phantom
   354 | D:2      | Gained mutation: You are afflicted with vampirism and can
                  | become a bat while bloodless. [Vampire growth]
   354 | D:2      | Reached XP level 3. HP: 27/28 MP: 3/3
   567 | D:2      | Found a faded altar of an unknown god.
  1200 | D:1      | Reached XP level 4. HP: 34/34 MP: 4/4
  1204 | D:1      | Learned a level 3 spell: Frozen Ramparts
  1641 | D:3      | Reached skill level 1 in Ice Magic
  1818 | D:3      | Reached skill level 1 in Spellcasting
  2034 | D:3      | Noticed Jessica
  2049 | D:3      | Killed Jessica
  2050 | D:3      | Reached XP level 5. HP: 19/31 MP: 6/6
  2985 | D:3      | Gained mutation: You are dopey. (Int -2) [potion of
                  | mutation]
  2985 | D:3      | Gained mutation: You occasionally lose the ability to drink
                  | potions when taking damage. [potion of mutation]
  2985 | D:3      | Gained mutation: Your muscles are strong. (Str +4, Int/Dex
                  | -1) [potion of mutation]
  3636 | D:4      | Reached XP level 6. HP: 29/36 MP: 8/8
  3820 | D:4      | Found a runed translucent door.
  3820 | D:4      | Noticed deafmute's ghost (amateur HOFi)
  3831 | D:4      | Slain by a phantom

Illustrated notes

Levels and vault maps discovered:
D:1:      denvon_arrival_waterhouse, layout_rooms
D:2:      layout_basic, hellmonk_ecumenical_altar_leap_of_faith,
          kennysheep_decorative_pillar
D:3:      layout_basic, chequers_serial_rivers_micro_d, uniq_jessica
D:4:      layout_basic, ebering_ghost_inner_flame
D:5:      layout_loops_ring, grunt_temple_overflow_order_and_chaos_1,
          mainiacjoe_overflow_small_starburst, serial_demonic, serial_demonic_g,
          serial_demonic_f, serial_demonic_f, serial_demonic_g,
          serial_demonic_d, serial_demonic_c, serial_demonic_g,
          serial_demonic_a, serial_shops, shop, kennysheep_generic_room_10

Skill      XL: |  1  2  3  4  5 |
---------------+----------------+-----
Polearms       | 2 3 4 |  4.4
Ice Magic      | 2 3 |  3.1
Spellcasting   | 1 |  1.9
Fighting       | |  2.6
Dodging        | |  2.1
Stealth        | |  7.2

Action                   |  1- 3 |  4- 6 || total
-------------------------+-------+-------++-------
Melee: Spear             |   103 |   164 ||   267
       Bite              |    11 |    18 ||    29
       Punch             |     1 |     1 ||     2
       Trident           |       |    65 ||    65
 Abil: Exsanguinate      |       |     1 ||     1
Evoke: Wand              |     1 |     3 ||     4
  Use: Scroll            |     1 |     6 ||     7
       Potion            |       |     4 ||     4
 Stab: Sleeping          |     7 |     7 ||    14
       Distracted        |       |     1 ||     1
       Invisible         |       |     3 ||     3
Armor: Leather armour    |    33 |    47 ||    80
Dodge: Dodged            |    60 |   110 ||   170
